 Dungeon Crawl Stone Soup version 0.29-a0-214-g17f627cfee (webtiles) character file.

Game seed: 8452612827974440655

11 freelancePsychic the Shooter (level 2, -20/17 HPs)
             Began as a Tengu Hunter on Feb 24, 2022.
             Killed by an exploding adder (25 damage)
             ... ignited by their inner flame
             ... on level 2 of the Dungeon.
             The game lasted 00:01:15 (384 turns).

freelancePsychic the Shooter (Tengu Hunter)          Turns: 384, Time: 00:01:16

Health: -20/17     AC:  3    Str: 12    XL:     2   Next: 25%
Magic:  3/3        EV: 12    Int: 11    God:
Gold:   23         SH:  0    Dex: 14    Spells: 1/1 levels left

rFire   . . .      SeeInvis .   a - +1 shortbow
rCold   . . .      Faith    .   (shield currently unavailable)
rNeg    . . .      Spirit   .   b - +0 leather armour
rPois   .          Reflect  .   (helmet restricted)
rElec   .          Harm     .   (no cloak)
rCorr   .          Rampage  .   (no gloves)
Will    .....                   (boots unavailable)
Stlth   +.........              (no amulet)
HPRegen 0.05/turn               (no ring)
MPRegen 0.08/turn               (no ring)

@: lethally poisoned (-20 -> -23)
A: beak, talons 3
a: no special abilities


You were on level 2 of the Dungeon.
You visited 1 branch of the dungeon, and saw 2 of its levels.

You collected 23 gold pieces.

Inventory:

Hand Weapons
 a - a +1 shortbow (weapon)
Armour
 b - a +0 leather armour (worn)
Scrolls
 c - 2 scrolls of immolation
Potions
 d - a potion of curing {unknown}


   Skills:
 + Level 2.2 Fighting
 * Level 4.8 Bows
 - Level 2.1 Dodging
 - Level 1.0 Stealth


You had one spell level left.
You didn't know any spells.
Your spell library was empty.

Dungeon Overview and Level Annotations

Branches:
Dungeon (2/15)

Altars:


Innate Abilities, Weirdness & Mutations

You have a beak for a mouth.
You have claws for feet.


Message History

You shoot an arrow. The arrow barely misses the rat.
You shoot an arrow. The arrow closely misses the rat.
The arrow closely misses the adder.
You shoot an arrow. The arrow closely misses the rat.
The arrow barely misses the adder.
The rat bites you.
You shoot an arrow. The arrow hits the rat.
The rat is moderately wounded.
The rat closely misses you.
You shoot an arrow. The arrow closely misses the rat.
The arrow hits the adder but does no damage.
The adder is heavily wounded.
The rat closely misses you.
You shoot an arrow. The arrow barely misses the rat.
The arrow misses the adder.
The rat closely misses you. The rat barely misses you.
You shoot an arrow. The arrow barely misses the rat.
The arrow misses the adder.
The rat bites you.
As you read the scroll labelled EDUOTZU BIHEL, it crumbles to dust.
The creatures around you are filled with an inner flame!
It was a scroll of immolation.
The rat bites you.
A hobgoblin comes into view.
The hobgoblin shouts!
Found a scroll labelled OFUYMIOROSK.
The adder bites you.
You are poisoned.
The adder poisons you!
An endoplasm comes into view.
Found a stone staircase leading up and a stone staircase leading down.
You feel sick. The hobgoblin closely misses you.
You feel sick.
The endoplasm quivers.
The hobgoblin barely misses you. The adder bites you but does no damage.
You feel sick.
Shoot: a) +1 shortbow
Press: ? - help, Shift-Dir - straight line, f - adder
Aim: an adder (moderately wounded, inner flame, 46% to hit)
You shoot an arrow. The arrow hits the adder!
The adder explodes!
The fiery explosion engulfs you!!
Ouch! That really hurt!
You die...

### ## #?. . #.# .#
#.# .## #.#...
#########J#.###.#
.......@§g.<..>.# ###
#####.###§#.###. ..##
#.# #r# #..# #.#
#.####### ##.##
######.###........
#..#
##...........######
###.####............#
.....#...######.....#
##.#...### ###...#


You could see an endoplasm and a hobgoblin.

Vanquished Creatures
  An adder (D:2)
  An endoplasm (D:2)
  3 goblins (D:2)
  2 hobgoblins
  2 ball pythons
  A frilled lizard (D:2)
10 creatures vanquished.

Notes
Turn   | Place    | Note
-------+----------+-------------------------------------------
     0 | D:1      | freelancePsychic the Tengu Hunter began the quest for the
                  | Orb.
     0 | D:1      | Reached XP level 1. HP: 12/12 MP: 2/2
   353 | D:2      | Reached XP level 2. HP: 17/17 MP: 3/3
   384 | D:2      | Killed by an exploding adder... ignited by their inner
                  | flame

Illustrated notes

Levels and vault maps discovered:
D:1:      tarquinn_simple_flora_water_f, layout_rooms, grunt_decor_mini_mirrors
D:2:      layout_basic, dreamdust_ecumenical_altar_grove,
          minmay_randomly_rotated_circles

Action                   || total
-------------------------++-------
 Fire: Shortbow          ||    27
  Use: Scroll            ||     1
Armor: Leather armour    ||     3
Dodge: Dodged            ||     9

Table legend: (Time is in decaauts)
 A = Elapsed time spent in this place.
 B = Non-inter-level travel time spent in this place.
 C = Inter-level travel time spent in this place.
 D = Time resting spent in this place.
 E = Time spent auto-exploring this place.
 F = Levels seen in this place.
 G = Mean time per level.
                   A        B        C        D        E       F      G
               +--------+--------+--------+--------+--------+-----+--------+
         Total |    391 |    391 |      0 |      0 |    243 |   2 |  195.5 |
       Dungeon |    391 |    391 |      0 |      0 |    243 |   2 |  195.5 |
               +--------+--------+--------+--------+--------+-----+--------+

Top non-repeatable levels by time:
     D:2: 231 daAuts
     D:1: 160 daAuts
